 Dungeon Crawl Stone Soup version 0.20.1-1-g8b1a95d (webtiles) character file.

97 Chorizorro the Gusty (level 4, -3/33 HPs)
             Began as a Draconian Air Elementalist on Sept 1, 2017.
             Slain by a sixfirhy (8 damage)
             ... summoned by a kobold demonologist
             ... on level 3 of the Dungeon.
             The game lasted 00:16:17 (1621 turns).

Chorizorro the Gusty (Draconian Air Elementalist)   Turns: 1621, Time: 00:16:18

Health: -3/33      AC:  7    Str: 10    XL:     4   Next: 42%
Magic:  8/8        EV: 12    Int: 17    God:
Gold:   100        SH:  0    Dex: 11    Spells: 0/8 levels left

rFire    . . .     SeeInvis .   m - +0 short sword
rCold    . . .     Gourm    .   (no shield)
rNeg     . . .     Faith    .   (armour unavailable)
rPois    .         Spirit   .   (helmet restricted)
rElec    .         Reflect  .   (no cloak)
rCorr    .         Harm     .   j - +1 pair of gloves
MR       .....                  (no boots)
Stlth    ++........             (no amulet)
Regen    0.2/turn               (no ring)
MPRegen  0.2/turn               (no ring)

@: no status effects
A: unfitting armour, cold-blooded, AC +5
a: no special abilities


You were on level 3 of the Dungeon.
You were very full.

You visited 1 branch of the dungeon, and saw 3 of its levels.

You collected 100 gold pieces.

Inventory:

Hand Weapons
 e - a +0 dagger
 m - a +0 short sword (weapon)
Missiles
 c - 100 stones (quivered)
Armour
 j - a +1 pair of gloves (worn)
Wands
 l - a wand of clouds (4/9)
Scrolls
 d - 2 scrolls of blinking
 f - 2 scrolls of teleportation {unknown}
 g - 2 scrolls of fog {unknown}
 i - a scroll of enchant armour
 k - a scroll of magic mapping {unknown}
 q - a scroll of recharging {unknown}
Potions
 h - 2 potions of haste
 n - a potion of brilliance
 r - a potion of might
Books
 a - a book of Air

   Spells                             Type                      Level
   a - Shock                          Conjuration/Air              1
   b - Swiftness                      Charms/Air                   2
   c - Static Discharge               Conjuration/Air              3
   d - Airstrike                      Air                          4
   e - Lightning Bolt                 Conjuration/Air              5
Comestibles
 b - a meat ration
 o - a chunk of flesh
 p - 2 bread rations
 s - a royal jelly
 t - 2 fruits


   Skills:
 + Level 0.2 Fighting
 + Level 0.8 Short Blades
 + Level 2.1 Dodging
 * Level 2.3 Stealth
 * Level 2.9 Spellcasting
 * Level 2.0 Conjurations
 * Level 3.5 Air Magic


You couldn't memorise any spells.
You knew the following spells:

 Your Spells              Type           Power        Failure   Level  Hunger
a - Shock                 Conj/Air       ##..         5%          1    None
b - Static Discharge      Conj/Air       ##......     17%         3    ###....
c - Airstrike             Air            ##........   38%         4    ####...


Dungeon Overview and Level Annotations

Branches:
Dungeon (3/15)

Altars:


Innate Abilities, Weirdness & Mutations

Your plain brown scales are hard. (AC +5)
You cannot fit into any form of body armour.
You are cold-blooded and may be slowed by cold attacks.


Message History

Aiming: Cloud Cone (will waste charges)
Press: ? - help, Dir - move target cursor, f - you That would be overly suicidal.
Okay, then.
As you open the door, it creaks loudly!
That item cannot be evoked!
Evoke which item? (* to show all) (? for menu, Esc to quit)
Aiming: Cloud Cone (will waste charges)
Press: ? - help, Dir - move target cursor, f - you
Okay, then.
The shadow imp gestures at you. Pain shoots through your body!
The kobold demonologist gestures wildly while chanting.
Found a glowing white potion.
There is an open door here.
The shadow imp shouts, "Decamp, thou hateful hedge-born boar-pig!"
The sixfirhy barely misses you. The sixfirhy hits you. The sixfirhy shocks you!
* * * LOW HITPOINT WARNING * * *
You miss the sixfirhy. The sixfirhy barely misses you. The sixfirhy hits you!
You die...

#........#..#.........
...
#........##.#........<.
..
####........#..........
#...................!
#..<...#.#...........
#......#.............
######.##.###########
#.##.#8P#5o5....
#..#.#P@#≈≈≈≈≈≈≈
##...#.3#..≈≈≈..
#..©#..'..≈⌠≈..
##..#..#..≈≈P..
##.#P.#≈≈≈≈≈≈≈
#.#8P#5K.....
#.###########
#...w........
#............


You could see a kobold demonologist, a sixfirhy, a worm, an orc priest and 3
shadow imps.

Vanquished Creatures
  5 adders
  An ooze (D:1)
  2 dart slugs
  2 leopard geckos
  5 bats
  A giant cockroach (D:1)
  7 goblins
  4 hobgoblins
  A quokka (D:3)
  2 frilled lizards
  6 kobolds
  6 rats
42 creatures vanquished.

Notes
Turn   | Place    | Note
-------+----------+-------------------------------------------
     0 | D:1      | Chorizorro the Draconian Air Elementalist began the quest for the Orb.
     0 | D:1      | Reached XP level 1. HP: 14/14 MP: 3/3
   254 | D:1      | Reached XP level 2. HP: 20/20 MP: 0/5
   725 | D:1      | Reached XP level 3. HP: 17/26 MP: 1/6
  1049 | D:2      | Learned a level 3 spell: Static Discharge
  1415 | D:2      | Reached XP level 4. HP: 33/33 MP: 3/8
  1472 | D:3      | Learned a level 4 spell: Airstrike
  1578 | D:3      | Found a transporter.
  1606 | D:3      | Noticed a kobold demonologist
  1619 | D:3      | Noticed a sixfirhy
  1621 | D:3      | Slain by a sixfirhy

Skill      XL: |  1  2  3  4 |
---------------+-------------+-----
Stealth        | 2 |  2.3
Dodging        | 2 |  2.1
Conjurations   | 2 |  2.0
Fighting       | |  0.2
Short Blades   | |  0.8
Spellcasting   | |  2.9
Air Magic      | |  3.5

Action                   |  1- 3 |  4- 6 || total
-------------------------+-------+-------++-------
Melee: Unarmed           |     3 |       ||     3
       Dagger            |    15 |       ||    15
       Short sword       |    11 |    22 ||    33
       Tailslap          |       |     1 ||     1
 Cast: Shock             |    77 |    15 ||    92
  Use: Scroll            |     3 |     2 ||     5
  Eat: Bread ration      |     1 |       ||     1
       Meat ration       |     1 |       ||     1
Armor: Skin              |    13 |     9 ||    22
Dodge: Dodged            |    30 |    20 ||    50
